 Dungeon Crawl Stone Soup version 0.31-a0-430-gf8416d752b (webtiles) character file.

Game seed: 11639844984819930209

55 Ethylacetat the Changeling (level 3, -1/24 HPs)
             Began as an Octopode Shapeshifter on July 31, 2023.
             Slain by a gnoll
             ... wielding a +0 halberd
              (4 damage)
             ... on level 3 of the Dungeon.
             The game lasted 00:01:56 (1478 turns).

Ethylacetat the Changeling (Octopode Shapeshifter)  Turns: 1478, Time: 00:01:57

Health: -1/24      AC:  1    Str: 14    XL:     3   Next: 93%
Magic:  0/3        EV: 13    Int: 10    God:
Gold:   34         SH:  0    Dex: 14    Spells: 2/2 levels left

rFire   . .          .
                       - Unarmed
rCold   . . .        (no shield)
rNeg    + . .        (helmet currently unavailable)
rPois   .            i - amulet of guardian spirit
rElec   .            h - ring of positive energy
rCorr   .            (no ring)
SInv    .            (no ring)
Will    .....        (no ring)
Stlth   ++           (no ring)
HPRegen 0.24/turn    (no ring)
MPRegen 0.08/turn    (no ring)
                     (no ring)

%: guardian spirit
@: beast-form
A: beast (slay +2), almost no armour, amphibious, 8 rings, camouflage 1,
gelatinous body 1, (nimble swimmer 1), tentacles
a: Begin Untransformation


You were on level 3 of the Dungeon.
You were a hulking beast.
You visited 1 branch of the dungeon, and saw 3 of its levels.

You collected 34 gold pieces.

Inventory:

Jewellery
 h - a ring of positive energy (left tentacle)
 i - an amulet of guardian spirit (around mantle)
Talismans
 b - a beast talisman (active)
Scrolls
 d - a scroll of teleportation {unknown}
 e - a scroll of immolation {unknown}
 j - 2 scrolls of identify {unknown}
Potions
 a - a potion of lignification
 c - a potion of curing {unknown}
 f - a potion of mutation {unknown}
 g - a potion of degeneration {unknown}
 k - 2 potions of might {unknown}


   Skills:
 + Level 1.8 Fighting
 - Level 2.0 Dodging
 + Level 3.5 Unarmed Combat
 * Level 3.6 Shapeshifting


You had 2 spell levels left.
You didn't know any spells.
Your spell library contained the following spells:

 Spells                   Type           Power      Damage    Failure   Level
 Hailstorm                Conj/Ice       0%         3d3       75%         3
 Summon Ice Beast         Ice/Summ       0%         N/A       98%         4
 Simulacrum               Ice/Necr       0%         N/A       100%        6


Dungeon Overview and Level Annotations

Branches:
Dungeon (3/15)

Altars:


Innate Abilities, Weirdness & Mutations

You are a hulking beast.
Your limbs bulge with bestial killing power. (Slay +2)
You cannot wear most types of armour.
You are amphibious.
You can wear up to eight rings at the same time.
Your skin changes colour to match your surroundings (Stealth+).
Your rubbery body absorbs attacks. (AC +1, EV +1)
((You are camouflaged when in or above water. (Stealth+)))
You have tentacles for arms and can constrict up to eight enemies at once.


Message History

A worm comes into view.
The helpless worm fails to defend itself.
You tentacle-slap the worm but do no damage.
You grab the worm. You squeeze the worm.
The worm is lightly wounded.
You constrict the worm, but do no damage.
The worm bites you!
You tentacle-slap the worm. You squeeze the worm.
The worm is moderately wounded.
You constrict the worm.
You tentacle-slap the worm. x2; You squeeze the worm.
You kill the worm!
No target in view!
No target in view!
Magic restored.
HP restored.
You see here a worm corpse.
A gnoll comes into view. It is wielding a +0 halberd.
Found 11 gold pieces.
A gnoll is nearby!
A gnoll comes into view. It is wielding a +0 spear.
The gnoll shouts!
You hear a shout!
There are monsters nearby!
The gnoll hits you with a +0 halberd!
A gnoll comes into view. It is wielding a +0 club.
You tentacle-slap the gnoll. Your grab misses the gnoll.
The gnoll is moderately wounded.
A kobold comes into view. It is wielding a +0 whip.
The gnoll hits you from afar with a +0 spear.
The gnoll hits you with a +0 halberd!
* * * LOW HITPOINT WARNING * * *
You are too injured to fight recklessly!
You are too injured to fight recklessly!
Unknown command.
There are monsters nearby!
You closely miss the gnoll. You grab the gnoll.
The gnoll is moderately wounded.
You constrict the gnoll. The gnoll misses you.
The gnoll hits you with a +0 halberd.
You die...

#..#+# .....
#..#.# ....
#..#.# ... #..#.#
.K# #..#.# ##..#
. #..#.#
#...###.g#
#..#.####.#..$..#
#.<#......hgg..#
#.##.###########
#..†.# ####.# #.#
#.# #.# #.. ###


You could see 3 gnolls and a kobold.

Vanquished Creatures
  A worm (D:3)
  2 dart slugs
  2 endoplasms
  5 giant cockroaches
  2 goblins (D:2)
  7 hobgoblins
  3 jackals (D:2)
  4 kobolds
  3 quokkas
  5 ball pythons
  2 bats (D:2)
  3 frilled lizards
  4 rats
43 creatures vanquished.

Notes
Turn   | Place    | Note
-------+----------+-------------------------------------------
     0 | D:1      | Ethylacetat the Octopode Shapeshifter began the quest for
                  | the Orb.
     0 | D:1      | Reached XP level 1. HP: 13/13 MP: 1/1
   142 | D:1      | Reached XP level 2. HP: 18/18 MP: 2/2
   783 | D:2      | Reached XP level 3. HP: 23/23 MP: 1/3
  1478 | D:3      | Slain by a gnoll

Illustrated notes

Levels and vault maps discovered:
D:1:      roderic_crossed_star, layout_basic
D:2:      layout_loops_cross, minmay_misc_feat_plants, minmay_quadrilaterals
D:3:      layout_basic, minmay_bisected

Action                     || total
---------------------------++-------
  Melee: Unarmed           ||    77
         Constrict         ||    23
         Tentacles         ||    17
         Punch             ||     2
   Stab: Sleeping          ||     9
 Armour: Skin              ||     5
  Dodge: Dodged            ||    33

Table legend: (Time is in decaauts)
 A = Elapsed time spent in this place.
 B = Non-inter-level travel time spent in this place.
 C = Inter-level travel time spent in this place.
 D = Time resting spent in this place.
 E = Time spent auto-exploring this place.
 F = Levels seen in this place.
 G = Mean time per level.
                   A        B        C        D        E       F      G
               +--------+--------+--------+--------+--------+-----+--------+
         Total |   1472 |   1445 |     27 |      0 |   1187 |   3 |  490.7 |
       Dungeon |   1472 |   1445 |     27 |      0 |   1187 |   3 |  490.7 |
               +--------+--------+--------+--------+--------+-----+--------+

Top non-repeatable levels by time:
     D:1: 759 daAuts
     D:2: 670 daAuts
     D:3: 42 daAuts
